AoeStats
← SCHNOBEL

Arena

510118637Analyzed
4v4 RM · 3d ago on Sep 29, 2026· 45m 41s· 8 players
Game mode
Random Map
Map size
Large (8 player)
Population
200
Speed
Normal
Resources
Standard
Victory
Conquest
Starting age
Dark Age
Ending age
Imperial Age
RankedLock teamsTeams togetherTeam positionsShared explorationLock speedFull tech treeHidden civsTurbo modeCheats
Victory
Defeat
🇨🇳 Jurchens · China
1324
+14
🇷🇺 Koreans · Russia
1292
+15
🇨🇳 Varangians · China
1235
+17
🇨🇳 Japanese · China
1234
+17
🇹🇼 Danes · Taiwan
1322
-18
🇹🇼 Danes · Taiwan
1274
-16
🇹🇼 Slavs · Taiwan
1257
-15
🇹🇼 Spanish · Taiwan
1217
-14
王先生
10:26 Feudal Age
14:55 Castle Age
13:06 Double-Bit Axe
13:20 Horse Collar
15:56 Bow Saw
15:50 Heavy Plow
15:53 Loom
17:13 Wheelbarrow
16:26 Town Watch
29:37 Imperial Age
27:46 Stone Mining
27:47 Gold Mining
27:49 Gambesons
28:56 Hand Cart
28:44 Scale Mail Armor
28:54 Forging
29:30 Squires
29:16 Arson
30:01 Elite Varangian Guard
30:50 Hamask
31:53 Chain Mail Armor
33:12 Conscription
36:50 Plate Mail Armor
38:02 Fletching
38:12 Padded Archer Armor
38:12 Cranequins
39:34 Heavy Mounted Crossbowman
40:44 Thumb Ring
41:20 Bodkin Arrow
42:59 Chemistry
42:47 Ballistics
43:41 Bracer
43:57 Leather Archer Armor
44:23 Husbandry
44:33 Bloodlines
李大爺
11:36 Feudal Age
12:52 Double-Bit Axe
15:58 Castle Age
13:49 Horse Collar
14:07 Man-at-Arms
17:16 Castle Age
17:51 Long Swordsman
18:35 Scale Mail Armor
19:09 Forging
23:23 Iron Casting
25:33 Loom
31:44 Imperial Age
37:38 Conscription
37:36 Heavy Plow
38:51 Chain Mail Armor
37:59 Pikeman
39:20 Bow Saw
40:05 Wheelbarrow
39:53 Halberdier
許大哥
10:40 Feudal Age
14:22 Castle Age
12:22 Double-Bit Axe
12:27 Horse Collar
15:55 Bow Saw
16:33 Heavy Plow
21:45 Wheelbarrow
21:49 Gold Mining
22:26 Stone Mining
24:28 Loom
25:28 Hand Cart
24:57 Pikeman
28:50 Imperial Age
26:25 Squires
27:28 Gold Shaft Mining
28:05 Stone Shaft Mining
28:52 Scale Mail Armor
28:52 Capped Ram
28:57 Halberdier
30:00 Chain Mail Armor
30:28 Siege Engineers
31:34 Plate Mail Armor
31:48 Conscription
32:32 Town Watch
33:00 Forging
32:22 Hamask
32:24 Northmen's Fury
33:15 Town Patrol
33:28 Masonry
33:10 Onager
33:59 Arson
34:29 Elite Varangian Guard
34:58 Gambesons
35:52 Iron Casting
34:45 Siege Onager
38:37 Blast Furnace
43:24 Fletching
44:27 Man-at-Arms
45:58 Ballistics
46:39 Chemistry
南港包大爺
9:02 Loom
11:25 Feudal Age
17:37 Double-Bit Axe
23:14 Castle Age
21:23 Gold Mining
21:24 Stone Mining
23:11 Horse Collar
28:08 Stone Shaft Mining
28:22 Wheelbarrow
28:26 Bow Saw
28:30 Heavy Plow
31:14 Imperial Age
31:25 Bloodlines
31:15 Husbandry
33:29 Padded Archer Armor
35:09 Chemistry
34:53 Leather Archer Armor
36:46 Ring Archer Armor
39:26 Elite Conquistador
42:36 Hand Cart
不就压个堡
11:24 Feudal Age
12:01 Double-Bit Axe
14:54 Castle Age
13:16 Horse Collar
16:04 Wheelbarrow
17:19 Heavy Plow
22:31 Bow Saw
23:11 Stone Mining
26:33 Loom
27:07 Hand Cart
27:22 Forging
27:14 Loom
27:48 Gambesons
28:40 Iron Casting
28:11 Scale Barding Armor
27:55 Arson
28:05 Town Watch
30:58 Imperial Age
29:14 Squires
30:35 Chain Barding Armor
30:30 Gold Mining
31:16 Stone Shaft Mining
31:16 Scale Mail Armor
32:23 Elite Jarl
33:25 Conscription
35:06 Blast Furnace
34:42 Plate Barding Armor
35:11 Husbandry
35:23 Bloodlines
35:14 Husbandry
36:37 Town Patrol
37:16 Crop Rotation
37:20 Fletching
37:46 Chain Mail Armor
39:45 Two-Man Saw
大梦谁先觉
6:21 Loom
8:33 Feudal Age
13:47 Double-Bit Axe
14:53 Fletching
20:59 Castle Age
23:06 Wheelbarrow
29:18 Imperial Age
27:35 Gold Mining
28:33 Sanctity
32:02 Scale Mail Armor
32:58 Bow Saw
34:12 Bodkin Arrow
34:21 Yasama
35:52 Guard Tower
39:17 Murder Holes
39:36 Bracer
40:29 Keep
40:17 Padded Archer Armor
41:00 Ballistics
41:29 Leather Archer Armor
41:11 Arrowslits
42:45 Ring Archer Armor
42:21 Scale Barding Armor
42:09 Horse Collar
43:24 Parthian Tactics
43:40 Hand Cart
45:23 Chain Barding Armor
45:04 Heavy Cavalry Archer
SCHNOBEL
5:13 Loom
5:42 Loom
10:33 Feudal Age
16:08 Castle Age
14:57 Double-Bit Axe
17:28 Gold Mining
17:58 Stone Mining
19:46 Fletching
26:05 Bow Saw
29:50 Horse Collar
35:20 Imperial Age
35:04 Wheelbarrow
37:33 Hand Cart
38:26 Gold Shaft Mining
38:03 Heavy Rocket Cart
39:57 Siege Engineers
43:25 Chemistry
44:18 Conscription
45:48 Shinkichon
45:16 Pikeman
45:59 Squires
书包大王
10:55 Feudal Age
14:49 Castle Age
14:43 Double-Bit Axe
14:39 Horse Collar
16:19 Loom
23:21 Wheelbarrow
22:54 Gold Mining
25:18 Gold Shaft Mining
25:22 Bow Saw
25:16 Heavy Plow
26:45 Hand Cart
27:19 Scale Barding Armor
27:24 Forging
30:55 Imperial Age
29:19 Chain Barding Armor
29:09 Forging
29:24 Bloodlines
29:15 Husbandry
30:17 Stone Mining
30:32 Town Watch
32:55 Chemistry
32:34 Iron Casting
32:34 Plate Barding Armor
31:25 Elite Steppe Lancer
33:00 Conscription
32:57 Padded Archer Armor
34:02 Two-Man Saw
33:38 Devotion
33:47 Light Cavalry
35:40 Blast Furnace
36:31 Capped Ram
37:51 Siege Engineers
38:07 Ballistics
37:28 Treadmill Crane
39:33 Elite Iron Pagoda
40:25 Thunderclap Bombs
40:51 Hoardings
40:17 Fortified Bastions
40:28 Fortified Bastions
41:04 Hoardings
Connection lost

Rejoining the realm…

Still unreachable

The connection could not be restored.

Session expired

The server has moved on; the page needs a fresh start.